Rangers vs Islanders

Created - April 25, 2025 at 22:44

Goals
1 2 3 T
Rangers 0 0 2 2
Islanders 2 0 1 3
Shots
1 2 3 T
Rangers 7 7 7 21
Islanders 9 9 16 34

1st period

1. Islanders , Sergei Plotnikov 4 (Gabriel Carlsson 7, Brayden Schenn 51) at 16:38
2. Islanders , Vladimir Tarasenko 36 (Ryan Ellis 46, Nikita Zadorov 17) at 17:55

Penalties :
Brock McGinn (NyI) for Roughing (Minor) at 4:19

2nd period

No Goal

Penalties :
Garnet Hathaway (NyI) for Interference (Minor) at 1:30, Dmitry Kulikov (NyR) for Tripping (Minor) at 5:36

3rd period

3. Islanders , Ryan Ellis 15 (Brayden Schenn 52, Vladimir Tarasenko 47) at 3:57 (PP)
4. Rangers , Devante Smith-Pelly 23 (Dmitry Kulikov 19, Mikhail Sergachev 22) at 6:54
5. Rangers , David Pope 10 (Casey Mittelstadt 9, Dmitry Kulikov 20) at 16:30

Penalties :
Cale Makar (NyR) for Holding (Minor) at 0:13, Milan Lucic (NyR) for Slashing (Minor) at 3:25, Sean Couturier (NyR) for Tripping (Minor) at 4:23

Goalie Stats

Eric Comrie (NyR), 31 saves from 34 shots - (0.912), L, 5-10-1, 58:45 minutes
John Gibson (NyI), 19 saves from 21 shots - (0.905), W, 24-25-5, 60:00 minutes

Players Stats for Rangers

Player Name              G  A  P  +/- PIM S  H  SB GA TA FO     MP     PP MP  PK MP  
------------------------------------------------------------------------------------
Cale Makar               0  0  0   0  2   0  1  1  3  2  0/0    26:53   2:13   2:38 
Casey Mittelstadt        0  1  1   0  0   0  1  0  0  0  1/1     8:14   0:00   0:47 
Connor Chatam            0  0  0   0  0   0  1  0  0  0  0/0     8:12   0:00   0:00 
David Pope               1  0  1   0  0   1  0  0  0  0  0/0     9:10   0:00   1:43 
Devante Smith-Pelly      1  0  1   1  0   3  1  2  1  0  0/0    17:33   2:08   0:00 
Dmitry Kulikov           0  2  2   1  2   0  3  1  0  1  0/0    17:49   0:00   2:21 
Henrik Samuelsson        0  0  0   0  0   0  0  0  0  2  4/10   11:13   0:00   0:56 
Jake McCabe              0  0  0   0  0   1  1  1  0  1  0/0    28:09   2:13   3:54 
Mikhail Sergachev        0  1  1   1  0   0  0  2  0  0  0/0    20:28   1:45   2:33 
Milan Lucic              0  0  0  -1  2   6  2  0  0  0  1/6    21:51   2:08   3:12 
Oliver Bjorkstrand       0  0  0   0  0   1  1  1  0  0  0/4    12:39   0:00   2:21 
Ondrej Palat             0  0  0   1  0   2  1  0  0  0  0/0    18:13   1:45   0:27 
Ryan Strome              0  0  0  -1  0   2  1  0  0  0  1/2    16:58   1:50   0:00 
Sean Couturier           0  0  0  -1  2   1  3  2  0  0  10/24  21:42   2:08   2:36 
Steven Santini           0  0  0  -1  0   0  0  2  0  0  0/0    12:51   0:00   1:30 
Tomas Hertl              0  0  0   1  0   0  2  0  0  0  5/9    18:02   1:50   0:56 
Viktor Arvidsson         0  0  0   0  0   4  1  2  1  0  0/0    12:07   1:50   0:00 
Vince Dunn               0  0  0  -1  0   0  0  0  0  0  0/0    11:23   0:00   0:02 

Players Stats for Islanders

Player Name              G  A  P  +/- PIM S  H  SB GA TA FO     MP     PP MP  PK MP  
------------------------------------------------------------------------------------
Brandon Sutter           0  0  0   0  0   3  2  1  1  0  3/7    20:06   2:38   2:07 
Brayden Schenn           0  2  2   1  0   3  1  1  0  0  25/37  22:30   3:51   2:29 
Brian Ferlin             0  0  0   0  0   0  0  0  0  1  0/0     7:31   0:00   0:00 
Brock McGinn             0  0  0   1  2   1  1  0  0  0  0/0    21:19   3:51   1:07 
Dylan McIlrath           0  0  0   0  0   0  0  0  0  1  0/0    12:14   0:00   0:00 
Emerson Etem             0  0  0  -1  0   1  1  0  0  0  0/0    11:59   0:00   1:16 
Gabriel Carlsson         0  1  1   0  0   0  2  0  0  0  0/0    11:09   0:00   0:00 
Garnet Hathaway          0  0  0   0  2   4  2  1  0  0  0/0    18:22   2:38   0:00 
Jamie Arniel             0  0  0   0  0   0  0  0  0  0  0/3     7:31   0:00   0:00 
Jason Akeson             0  0  0  -1  0   1  1  0  0  0  1/1    10:31   0:00   0:00 
Kellan Lain              0  0  0   0  0   2  3  1  1  0  0/0    18:44   2:38   0:57 
Kevin Shattenkirk        0  0  0   0  0   1  2  2  1  0  0/0    26:51   3:56   2:31 
Michael Latta            0  0  0  -1  0   1  0  0  1  0  4/7    10:31   0:00   0:00 
Nikita Zadorov           0  1  1   0  0   0  1  2  0  0  0/0    20:55   2:33   1:27 
Ryan Ellis               1  1  2   0  0   7  2  0  1  2  0/0    26:51   3:56   2:31 
Sergei Plotnikov         1  0  1   0  0   1  1  0  0  0  0/0     7:31   0:00   0:00 
Vladimir Tarasenko       1  1  2   1  0   8  1  0  1  0  1/1    19:25   3:51   0:00 
Yann Sauvé               0  0  0   0  0   1  2  1  0  1  0/0    22:00   2:33   1:27 

3 Stars

1 - Vladimir Tarasenko (NyI)
2 - Ryan Ellis (NyI)
3 - Brayden Schenn (NyI)

Power Play

Rangers - 0 on 2 Attempt(s) - 0.00%
Islanders - 1 on 4 Attempt(s) - 25.00%

Penalty Kill

Rangers - 3 on 4 Attempt(s) - 75.00% - Score 0 goal in Penalty Kill
Islanders - 2 on 2 Attempt(s) - 100.00% - Score 0 goal in Penalty Kill

Team Stat

Rangers - Hits : 19 - Faceoff Wins : 22 - Blocked Shots : 14 - Penalty Minutes : 8
Islanders - Hits : 22 - Faceoff Wins : 34 - Blocked Shots : 9 - Penalty Minutes : 4

Official

Referees : Furman South and Reid Anderson
Linesman : Travis Gawryletz and Scott Cherrey

Game Notes

No Game Note

Finance

Level 1 -- Attendance: 6000 (100.00%) -- Ticket Income $600,000
Level 2 -- Attendance: 4507 (90.14%) -- Ticket Income $315,490
Level 3 -- Attendance: 1890 (94.50%) -- Ticket Income $75,600
Level 4 -- Attendance: 3906 (97.65%) -- Ticket Income $117,180
Luxury Box -- Attendance: 911 (91.10%) -- Ticket Income $182,200
Game was played at the Nassau Coliseum.
Total Attendance: 17214 (95.63%)
Total Ticket Income: $1,290,470
Other Income: $193,570
Total Income: $1,484,040

Rangers

5 vs 5 Forward 
   Center                   Left Wing                Right Wing               Time % Phy DF OF 
 1 Sean Couturier           Milan Lucic              Ryan Strome              35     1   2  2  
 2 Tomas Hertl              Ondrej Palat             Devante Smith-Pelly      30     1   2  2  
 3 Henrik Samuelsson        Viktor Arvidsson         Oliver Bjorkstrand       25     1   2  2  
 4 Casey Mittelstadt        David Pope               Connor Chatam            10     1   2  2  

5 vs 5 Defense 
   Defense                  Defense                                           Time % Phy DF OF 
 1 Jake McCabe              Cale Makar                                        40     1   2  2  
 2 Dmitry Kulikov           Mikhail Sergachev                                 30     1   2  2  
 3 Vince Dunn               Steven Santini                                    20     1   2  2  
 4 Jake McCabe              Cale Makar                                        10     1   2  2  

PowerPlay Forward 
   Center                   Left Wing                Right Wing               Time % Phy DF OF 
 1 Sean Couturier           Milan Lucic              Devante Smith-Pelly      60     1   2  2  
 2 Tomas Hertl              Viktor Arvidsson         Ryan Strome              40     1   2  2  

PowerPlay Defense
   Defense                  Defense                                           Time % Phy DF OF 
 1 Jake McCabe              Cale Makar                                        60     1   2  2  
 2 Ondrej Palat             Mikhail Sergachev                                 40     1   2  2  

Penalty Kill 4 Players Forward 
   Center                   Wing                     Time % Phy DF OF 
 1 Milan Lucic              Sean Couturier           60     1   2  2  
 2 Henrik Samuelsson        Tomas Hertl              40     1   2  2  

Penalty Kill 4 Players Defense
   Defense                  Defense                  Time % Phy DF OF 
 1 Jake McCabe              Cale Makar               60     1   2  2  
 2 Dmitry Kulikov           Mikhail Sergachev        40     1   2  2  

Penalty Kill - 3 Players Forward 
   Forward                                           Time % Phy DF OF 
 1 Henrik Samuelsson                                 60     1   2  2  
 2 Sean Couturier                                    40     1   2  2  

Penalty Kill - 3 Players Defense
   Defense                  Defense                  Time % Phy DF OF 
 1 Jake McCabe              Cale Makar               60     1   2  2  
 2 Dmitry Kulikov           Mikhail Sergachev        40     1   2  2  

4 vs 4 Forward 
   Center                   Wing                     Time % Phy DF OF 
 1 Milan Lucic              Sean Couturier           60     1   2  2  
 2 Tomas Hertl              Viktor Arvidsson         40     1   2  2  

4 vs 4 Defense
   Defense                  Defense                  Time % Phy DF OF 
 1 Vince Dunn               Cale Makar               60     1   2  2  
 2 Dmitry Kulikov           Mikhail Sergachev        40     1   2  2  

Last Minutes Offensive
   Center                   Left Wing                Right Wing               Defense                  Defense                  
   Sean Couturier           Milan Lucic              Devante Smith-Pelly      Jake McCabe              Cale Makar               

Last Minutes Defensive
   Center                   Left Wing                Right Wing               Defense                  Defense                  
   Sean Couturier           Milan Lucic              Devante Smith-Pelly      Jake McCabe              Cale Makar               

Goaltenders
Starting : Eric Comrie              
Backup : Samuel Montembeault      

Extra Forwards
Normal : Ryan Strome, Ondrej Palat, Oliver Bjorkstrand - PP : Tomas Hertl, Ondrej Palat - PK : Oliver Bjorkstrand
Extra Defensemen
Normal : Vince Dunn, Steven Santini, Dmitry Kulikov - PP : Vince Dunn - PK : Steven Santini, Dmitry Kulikov
Penalty Shots
Milan Lucic, Sean Couturier, Tomas Hertl, Viktor Arvidsson, Devante Smith-Pelly
Custom OT Lines Forwards
Milan Lucic, Sean Couturier, Tomas Hertl, Ryan Strome, Devante Smith-Pelly, Viktor Arvidsson, Ondrej Palat, Oliver Bjorkstrand, David Pope, Casey Mittelstadt
Custom OT Lines Defensemen
Jake McCabe, Cale Makar, Dmitry Kulikov, Mikhail Sergachev, Vince Dunn

Scratches
Patrik Nemeth (Healthy), Seth Griffith (Healthy), Stefan Noesen (Healthy)

Islanders

5 vs 5 Forward 
   Center                   Left Wing                Right Wing               Time % Phy DF OF 
 1 Brayden Schenn           Brock McGinn             Vladimir Tarasenko       40     1   2  2  
 2 Brandon Sutter           Kellan Lain              Garnet Hathaway          30     1   2  2  
 3 Michael Latta            Emerson Etem             Jason Akeson             20     1   2  2  
 4 Jamie Arniel             Sergei Plotnikov         Brian Ferlin             10     1   2  2  

5 vs 5 Defense 
   Defense                  Defense                                           Time % Phy DF OF 
 1 Ryan Ellis               Kevin Shattenkirk                                 40     1   2  2  
 2 Nikita Zadorov           Yann Sauvé                                        30     1   2  2  
 3 Dylan McIlrath           Gabriel Carlsson                                  20     1   2  2  
 4 Ryan Ellis               Kevin Shattenkirk                                 10     1   2  2  

PowerPlay Forward 
   Center                   Left Wing                Right Wing               Time % Phy DF OF 
 1 Brayden Schenn           Brock McGinn             Vladimir Tarasenko       60     1   2  2  
 2 Brandon Sutter           Kellan Lain              Garnet Hathaway          40     1   2  2  

PowerPlay Defense
   Defense                  Defense                                           Time % Phy DF OF 
 1 Ryan Ellis               Kevin Shattenkirk                                 60     1   2  2  
 2 Nikita Zadorov           Yann Sauvé                                        40     1   2  2  

Penalty Kill 4 Players Forward 
   Center                   Wing                     Time % Phy DF OF 
 1 Brayden Schenn           Brock McGinn             60     1   2  2  
 2 Brandon Sutter           Kellan Lain              40     1   2  2  

Penalty Kill 4 Players Defense
   Defense                  Defense                  Time % Phy DF OF 
 1 Ryan Ellis               Kevin Shattenkirk        60     1   2  2  
 2 Nikita Zadorov           Yann Sauvé               40     1   2  2  

Penalty Kill - 3 Players Forward 
   Forward                                           Time % Phy DF OF 
 1 Brayden Schenn                                    60     1   2  2  
 2 Brandon Sutter                                    40     1   2  2  

Penalty Kill - 3 Players Defense
   Defense                  Defense                  Time % Phy DF OF 
 1 Ryan Ellis               Kevin Shattenkirk        60     1   2  2  
 2 Nikita Zadorov           Yann Sauvé               40     1   2  2  

4 vs 4 Forward 
   Center                   Wing                     Time % Phy DF OF 
 1 Brayden Schenn           Brock McGinn             60     1   2  2  
 2 Brandon Sutter           Kellan Lain              40     1   2  2  

4 vs 4 Defense
   Defense                  Defense                  Time % Phy DF OF 
 1 Ryan Ellis               Kevin Shattenkirk        60     1   2  2  
 2 Nikita Zadorov           Yann Sauvé               40     1   2  2  

Last Minutes Offensive
   Center                   Left Wing                Right Wing               Defense                  Defense                  
   Brayden Schenn           Brock McGinn             Vladimir Tarasenko       Ryan Ellis               Kevin Shattenkirk        

Last Minutes Defensive
   Center                   Left Wing                Right Wing               Defense                  Defense                  
   Brayden Schenn           Brock McGinn             Vladimir Tarasenko       Ryan Ellis               Kevin Shattenkirk        

Goaltenders
Starting : John Gibson              
Backup : Maxime Daigneault        

Extra Forwards
Normal : Brandon Sutter, Michael Latta, Garnet Hathaway - PP : Brandon Sutter, Michael Latta - PK : Brandon Sutter
Extra Defensemen
Normal : Yann Sauvé, Dylan McIlrath, Gabriel Carlsson - PP : Yann Sauvé - PK : Yann Sauvé, Dylan McIlrath
Penalty Shots
Vladimir Tarasenko, Brayden Schenn, Brock McGinn, Kellan Lain, Brandon Sutter
Custom OT Lines Forwards
Vladimir Tarasenko, Brayden Schenn, Brock McGinn, Kellan Lain, Brandon Sutter, Michael Latta, Garnet Hathaway, Jason Akeson, Emerson Etem, Jamie Arniel
Custom OT Lines Defensemen
Ryan Ellis, Kevin Shattenkirk, Nikita Zadorov, Yann Sauvé, Dylan McIlrath

Scratches
Jordan Greenway (Healthy), Pavel Kraskovsky (Healthy)

% Time on Ice - Rangers

Lines # - Real PCT - Wanted PCT - Time Play
Normal Forward
1 - 33% - 35% - 15:48
2 - 32% - 30% - 15:16
3 - 21% - 25% - 10:17
4 - 15% - 10% - 7:01
Normal Defense
1 - 42% - 40% - 20:15
2 - 33% - 30% - 16:10
3 - 21% - 20% - 10:06
4 - 4% - 10% - 1:51
PP Forward
1 - 54% - 60% - 2:08
2 - 46% - 40% - 1:50
PP Defense
1 - 56% - 60% - 2:13
2 - 44% - 40% - 1:45
PK Forward
1 - 86% - 60% - 5:33
2 - 14% - 40% - 0:56
PK Defense
1 - 61% - 60% - 3:56
2 - 39% - 40% - 2:33
PK3 Forward
1 - 0% - 60%
2 - 0% - 40%
PK3 Defense
1 - 0% - 60%
2 - 0% - 40%
44 Forward
1 - 0% - 60%
2 - 0% - 40%
44 Defense
1 - 0% - 60%
2 - 0% - 40%
Last Minute Offensive  - 1:11
Last Minute Defensive  - 0:00
Total
Forward - 60:00
Defense - 60:00

% Time on Ice - Islanders

Lines # - Real PCT - Wanted PCT - Time Play
Normal Forward
1 - 31% - 40% - 15:12
2 - 31% - 30% - 15:09
3 - 22% - 20% - 10:31
4 - 16% - 10% - 7:31
Normal Defense
1 - 40% - 40% - 19:08
2 - 35% - 30% - 16:50
3 - 23% - 20% - 11:09
4 - 3% - 10% - 1:16
PP Forward
1 - 59% - 60% - 3:51
2 - 41% - 40% - 2:38
PP Defense
1 - 61% - 60% - 3:56
2 - 39% - 40% - 2:33
PK Forward
1 - 76% - 60% - 3:01
2 - 24% - 40% - 0:57
PK Defense
1 - 63% - 60% - 2:31
2 - 37% - 40% - 1:27
PK3 Forward
1 - 0% - 60%
2 - 0% - 40%
PK3 Defense
1 - 0% - 60%
2 - 0% - 40%
44 Forward
1 - 0% - 60%
2 - 0% - 40%
44 Defense
1 - 0% - 60%
2 - 0% - 40%
Last Minute Offensive  - 0:00
Last Minute Defensive  - 1:10
Total
Forward - 60:00
Defense - 60:00

Play-by-Play

1st period


0:01 of 1st period - Sean Couturier wins face-off versus Brayden Schenn in neutral zone.
0:32 of 1st period - Wrist shot by Kellan Lain.
0:32 of 1st period - Stopped by Eric Comrie without a rebound.
0:33 of 1st period - Henrik Samuelsson wins face-off versus Michael Latta in Rangers zone.
0:39 of 1st period - Off-side.
0:40 of 1st period - Michael Latta wins face-off versus Henrik Samuelsson in neutral zone.
0:51 of 1st period - Backhand shot by Emerson Etem.
0:51 of 1st period - Stopped by Eric Comrie with a rebound.
1:24 of 1st period - Off-side.
1:25 of 1st period - Vladimir Tarasenko wins face-off versus Tomas Hertl in neutral zone.
1:32 of 1st period - Wrist shot by Vladimir Tarasenko.
1:32 of 1st period - Shot Blocked by Devante Smith-Pelly.
2:17 of 1st period - Kevin Shattenkirk is hit by Cale Makar and loses puck.
2:38 of 1st period - Wrist shot by Vladimir Tarasenko.
2:38 of 1st period - Stopped by Eric Comrie without a rebound.
2:39 of 1st period - Brandon Sutter wins face-off versus Sean Couturier in Rangers zone.
4:02 of 1st period - Backhand shot by Viktor Arvidsson.
4:02 of 1st period - Deflect By Oliver Bjorkstrand.
4:02 of 1st period - Stopped by John Gibson without a rebound.
4:03 of 1st period - Brayden Schenn wins face-off versus Sean Couturier in Islanders zone.
4:19 of 1st period - Minor Penalty to Brock McGinn for Roughing.
4:20 of 1st period - Brayden Schenn wins face-off versus Sean Couturier in Islanders zone.
4:53 of 1st period - Snap shot by Ondrej Palat.
4:53 of 1st period - Stopped by John Gibson without a rebound.
4:54 of 1st period - Brayden Schenn wins face-off versus Sean Couturier in Islanders zone.
5:23 of 1st period - Wrist shot by Ryan Strome.
5:23 of 1st period - Shot Misses the Net.
5:25 of 1st period - Wrist shot by Viktor Arvidsson.
5:25 of 1st period - Stopped by John Gibson with a rebound.
5:27 of 1st period - Slapshot by Ondrej Palat.
5:27 of 1st period - Deflect By Viktor Arvidsson.
5:27 of 1st period - Shot Misses the Net.
5:27 of 1st period - Puck is out of play.
5:28 of 1st period - Brayden Schenn wins face-off versus Sean Couturier in Islanders zone.
6:19 of 1st period - Penalty to Brock McGinn is over, Brock McGinn is back on ice.
7:04 of 1st period - Snap shot by Viktor Arvidsson.
7:04 of 1st period - Deflect By Vladimir Tarasenko.
7:04 of 1st period - Stopped by John Gibson with a rebound.
7:16 of 1st period - Slapshot by Brock McGinn.
7:16 of 1st period - Shot Misses the Net.
7:28 of 1st period - Devante Smith-Pelly is hit by Emerson Etem and loses puck.
7:55 of 1st period - Wrist shot by Viktor Arvidsson.
7:55 of 1st period - Shot Misses the Net.
9:13 of 1st period - Snap shot by Viktor Arvidsson.
9:13 of 1st period - Stopped by John Gibson with a rebound.
10:25 of 1st period - Brayden Schenn is hit by Tomas Hertl and loses puck.
10:40 of 1st period - Steven Santini is hit by Kevin Shattenkirk and loses puck.
11:06 of 1st period - Brandon Sutter is hit by Connor Chatam and loses puck.
11:36 of 1st period - Kellan Lain is hit by Casey Mittelstadt and loses puck.
12:17 of 1st period - Off-side.
12:18 of 1st period - Brayden Schenn wins face-off versus Sean Couturier in neutral zone.
12:35 of 1st period - Icing by Milan Lucic.
12:36 of 1st period - Michael Latta wins face-off versus Sean Couturier in Rangers zone.
12:45 of 1st period - Snap shot by Ryan Ellis.
12:45 of 1st period - Deflect By Cale Makar.
12:45 of 1st period - Stopped by Eric Comrie with a rebound.
12:49 of 1st period - Slapshot by Ryan Ellis.
12:49 of 1st period - Stopped by Eric Comrie with a rebound.
12:51 of 1st period - Snap shot by Emerson Etem.
12:51 of 1st period - Deflect By Michael Latta.
12:51 of 1st period - Shot Blocked by Jake McCabe.
12:51 of 1st period - Puck is out of play.
12:52 of 1st period - Tomas Hertl wins face-off versus Brayden Schenn in Rangers zone.
12:52 of 1st period - Tomas Hertl is hit by Ryan Ellis.
13:18 of 1st period - Emerson Etem is hit by Sean Couturier and loses puck.
13:45 of 1st period - Oliver Bjorkstrand is hit by Yann Sauvé and loses puck.
14:07 of 1st period - Wrist shot by Tomas Hertl.
14:07 of 1st period - Deflect By Ondrej Palat.
14:07 of 1st period - Shot Misses the Net.
14:07 of 1st period - Puck is out of play.
14:08 of 1st period - Tomas Hertl wins face-off versus Brandon Sutter in Islanders zone.
14:09 of 1st period - Slapshot by Devante Smith-Pelly.
14:09 of 1st period - Stopped by John Gibson with a rebound.
14:23 of 1st period - Mikhail Sergachev is hit by Kellan Lain and loses puck.
15:39 of 1st period - Snap shot by Garnet Hathaway.
15:39 of 1st period - Shot Misses the Net.
16:34 of 1st period - Snap shot by Sergei Plotnikov.
16:34 of 1st period - Shot Misses the Net.
16:36 of 1st period - Slapshot by Gabriel Carlsson.
16:36 of 1st period - Shot Misses the Net.
16:38 of 1st period - Wrist shot by Sergei Plotnikov.
16:38 of 1st period - Goal by Sergei Plotnikov - Rangers : 0 - Islanders : 1.
16:39 of 1st period - Sean Couturier wins face-off versus Brayden Schenn in neutral zone.
17:09 of 1st period - Nikita Zadorov is hit by Devante Smith-Pelly and loses puck.
17:53 of 1st period - Slapshot by Ryan Ellis.
17:53 of 1st period - Stopped by Eric Comrie with a rebound.
17:55 of 1st period - Snap shot by Vladimir Tarasenko.
17:55 of 1st period - Goal by Vladimir Tarasenko - Rangers : 0 - Islanders : 2.
17:56 of 1st period - Sean Couturier wins face-off versus Brayden Schenn in neutral zone.
18:11 of 1st period - Wrist shot by Ryan Strome.
18:11 of 1st period - Stopped by John Gibson without a rebound.
18:12 of 1st period - Tomas Hertl wins face-off versus Brandon Sutter in Islanders zone.
18:13 of 1st period - Slapshot by Cale Makar.
18:13 of 1st period - Shot Blocked by Kevin Shattenkirk.
18:50 of 1st period - Snap shot by Brayden Schenn.
18:50 of 1st period - Shot Misses the Net.
19:04 of 1st period - Wrist shot by Michael Latta.
19:04 of 1st period - Stopped by Eric Comrie without a rebound.
19:05 of 1st period - Henrik Samuelsson wins face-off versus Brandon Sutter in Rangers zone.
19:21 of 1st period - Snap shot by Garnet Hathaway.
19:21 of 1st period - Shot Blocked by Viktor Arvidsson.
19:41 of 1st period - Backhand shot by Cale Makar.
19:41 of 1st period - Shot Misses the Net.
Goals for this period are 0 for Rangers vs 2 for Islanders.
Shots for this period are 7 for Rangers vs 9 for Islanders.

2nd period


0:01 of 2nd period - Brayden Schenn wins face-off versus Tomas Hertl in neutral zone.
0:06 of 2nd period - Snap shot by Vladimir Tarasenko.
0:06 of 2nd period - Shot Misses the Net.
0:26 of 2nd period - Milan Lucic is hit by Ryan Ellis and loses puck.
0:54 of 2nd period - Wrist shot by Viktor Arvidsson.
0:54 of 2nd period - Stopped by John Gibson without a rebound.
0:55 of 2nd period - Sean Couturier wins face-off versus Brayden Schenn in Islanders zone.
1:30 of 2nd period - Minor Penalty to Garnet Hathaway for Interference.
1:31 of 2nd period - Brayden Schenn wins face-off versus Sean Couturier in Islanders zone.
2:06 of 2nd period - Brandon Sutter is hit by Ryan Strome and loses puck.
3:30 of 2nd period - Penalty to Garnet Hathaway is over, Garnet Hathaway is back on ice.
3:41 of 2nd period - Snap shot by Brayden Schenn.
3:41 of 2nd period - Shot Misses the Net.
3:43 of 2nd period - Wrist shot by Brayden Schenn.
3:43 of 2nd period - Shot Misses the Net.
3:45 of 2nd period - Slapshot by Ryan Ellis.
3:45 of 2nd period - Stopped by Eric Comrie with a rebound.
3:47 of 2nd period - Slapshot by Brayden Schenn.
3:47 of 2nd period - Stopped by Eric Comrie with a rebound.
4:03 of 2nd period - Snap shot by Brayden Schenn.
4:03 of 2nd period - Stopped by Eric Comrie with a rebound.
4:05 of 2nd period - Wrist shot by Garnet Hathaway.
4:05 of 2nd period - Stopped by Eric Comrie without a rebound.
4:06 of 2nd period - Henrik Samuelsson wins face-off versus Michael Latta in Rangers zone.
4:10 of 2nd period - Off-side.
4:11 of 2nd period - Michael Latta wins face-off versus Henrik Samuelsson in neutral zone.
4:14 of 2nd period - Slapshot by Nikita Zadorov.
4:14 of 2nd period - Shot Blocked by Viktor Arvidsson.
4:39 of 2nd period - Wrist shot by Brandon Sutter.
4:39 of 2nd period - Stopped by Eric Comrie with a rebound.
4:49 of 2nd period - Slapshot by Brandon Sutter.
4:49 of 2nd period - Shot Blocked by Sean Couturier.
4:51 of 2nd period - Wrist shot by Yann Sauvé.
4:51 of 2nd period - Stopped by Eric Comrie without a rebound.
4:52 of 2nd period - Tomas Hertl wins face-off versus Jamie Arniel in Rangers zone.
4:52 of 2nd period - Tomas Hertl is hit by Gabriel Carlsson.
5:18 of 2nd period - Sean Couturier is hit by Garnet Hathaway.
5:36 of 2nd period - Minor Penalty to Dmitry Kulikov for Tripping.
5:37 of 2nd period - Brayden Schenn wins face-off versus Milan Lucic in Rangers zone.
5:46 of 2nd period - Snap shot by Brayden Schenn.
5:46 of 2nd period - Shot Blocked by Cale Makar.
6:02 of 2nd period - Sean Couturier is hit by Kevin Shattenkirk and loses puck.
6:16 of 2nd period - Slapshot by Ryan Ellis.
6:16 of 2nd period - Stopped by Eric Comrie with a rebound.
7:02 of 2nd period - Icing by Brandon Sutter.
7:03 of 2nd period - Brandon Sutter wins face-off versus Oliver Bjorkstrand in Islanders zone.
7:36 of 2nd period - Penalty to Dmitry Kulikov is over, Dmitry Kulikov is back on ice.
9:50 of 2nd period - Dmitry Kulikov is hit by Yann Sauvé and loses puck.
10:09 of 2nd period - Snap shot by Brayden Schenn.
10:09 of 2nd period - Shot Misses the Net.
10:17 of 2nd period - Snap shot by Devante Smith-Pelly.
10:17 of 2nd period - Stopped by John Gibson with a rebound.
10:27 of 2nd period - Slapshot by Jason Akeson.
10:27 of 2nd period - Shot Blocked by Dmitry Kulikov.
10:29 of 2nd period - Slapshot by Yann Sauvé.
10:29 of 2nd period - Shot Blocked by Mikhail Sergachev.
11:07 of 2nd period - Ondrej Palat is hit by Brayden Schenn and loses puck.
11:28 of 2nd period - Off-side.
11:29 of 2nd period - Milan Lucic wins face-off versus Brayden Schenn in neutral zone.
11:36 of 2nd period - Wrist shot by Milan Lucic.
11:36 of 2nd period - Stopped by John Gibson with a rebound.
11:39 of 2nd period - Icing by Brock McGinn.
11:40 of 2nd period - Brayden Schenn wins face-off versus Sean Couturier in Islanders zone.
11:46 of 2nd period - Off-side.
11:47 of 2nd period - Brayden Schenn wins face-off versus Sean Couturier in neutral zone.
11:49 of 2nd period - Off-side.
11:50 of 2nd period - Brayden Schenn wins face-off versus Ryan Strome in neutral zone.
11:55 of 2nd period - Snap shot by Vladimir Tarasenko.
11:55 of 2nd period - Stopped by Eric Comrie with a rebound.
11:57 of 2nd period - Snap shot by Brock McGinn.
11:57 of 2nd period - Deflect By Brayden Schenn.
11:57 of 2nd period - Stopped by Eric Comrie without a rebound.
11:58 of 2nd period - Brayden Schenn wins face-off versus Sean Couturier in Rangers zone.
12:05 of 2nd period - Wrist shot by Brayden Schenn.
12:05 of 2nd period - Shot Blocked by Steven Santini.
12:11 of 2nd period - Brock McGinn is hit by Milan Lucic and loses puck.
12:59 of 2nd period - Snap shot by Ryan Ellis.
12:59 of 2nd period - Shot Blocked by Devante Smith-Pelly.
13:11 of 2nd period - Wrist shot by Milan Lucic.
13:11 of 2nd period - Shot Blocked by Nikita Zadorov.
13:13 of 2nd period - Slapshot by Ryan Strome.
13:13 of 2nd period - Shot Blocked by Yann Sauvé.
13:15 of 2nd period - Wrist shot by Ryan Strome.
13:15 of 2nd period - Shot Hit the Post.
13:17 of 2nd period - Slapshot by Milan Lucic.
13:17 of 2nd period - Shot Misses the Net.
13:19 of 2nd period - Wrist shot by Ryan Strome.
13:19 of 2nd period - Stopped by John Gibson without a rebound.
13:20 of 2nd period - Brayden Schenn wins face-off versus Henrik Samuelsson in Islanders zone.
13:20 of 2nd period - Brayden Schenn is hit by Dmitry Kulikov.
13:26 of 2nd period - Henrik Samuelsson is hit by Nikita Zadorov.
13:52 of 2nd period - Slapshot by Sean Couturier.
13:52 of 2nd period - Shot Blocked by Garnet Hathaway.
13:58 of 2nd period - Milan Lucic is hit by Garnet Hathaway and loses puck.
14:17 of 2nd period - Slapshot by Ondrej Palat.
14:17 of 2nd period - Stopped by John Gibson without a rebound.
14:18 of 2nd period - Brayden Schenn wins face-off versus Tomas Hertl in Islanders zone.
14:45 of 2nd period - Kellan Lain is hit by Sean Couturier and loses puck.
14:50 of 2nd period - Wrist shot by Ryan Strome.
14:50 of 2nd period - Shot Blocked by Kellan Lain.
15:08 of 2nd period - Kevin Shattenkirk is hit by Dmitry Kulikov and loses puck.
16:19 of 2nd period - Wrist shot by Milan Lucic.
16:19 of 2nd period - Stopped by John Gibson with a rebound.
16:24 of 2nd period - Snap shot by Sean Couturier.
16:24 of 2nd period - Deflect By Milan Lucic.
16:24 of 2nd period - Shot Misses the Net.
16:24 of 2nd period - Puck is out of play.
16:25 of 2nd period - Sean Couturier wins face-off versus Brayden Schenn in Islanders zone.
16:52 of 2nd period - Kellan Lain is hit by Oliver Bjorkstrand.
17:46 of 2nd period - Snap shot by Vladimir Tarasenko.
17:46 of 2nd period - Shot Misses the Net.
17:48 of 2nd period - Snap shot by Yann Sauvé.
17:48 of 2nd period - Shot Misses the Net.
17:59 of 2nd period - Off-side.
18:00 of 2nd period - Sean Couturier wins face-off versus Jamie Arniel in neutral zone.
18:13 of 2nd period - Backhand shot by Milan Lucic.
18:13 of 2nd period - Stopped by John Gibson without a rebound.
18:14 of 2nd period - Ryan Strome wins face-off versus Brayden Schenn in Islanders zone.
18:50 of 2nd period - Slapshot by Kevin Shattenkirk.
18:50 of 2nd period - Deflect By Kellan Lain.
18:50 of 2nd period - Shot Misses the Net.
18:50 of 2nd period - Puck is out of play.
18:51 of 2nd period - Sean Couturier wins face-off versus Brayden Schenn in Rangers zone.
19:04 of 2nd period - Snap shot by Ryan Strome.
19:04 of 2nd period - Shot Misses the Net.
19:41 of 2nd period - Ondrej Palat is hit by Brandon Sutter and loses puck.
19:56 of 2nd period - Vince Dunn is hit by Kellan Lain and loses puck.
Goals for this period are 0 for Rangers vs 0 for Islanders.
Shots for this period are 7 for Rangers vs 9 for Islanders.

3rd period


0:01 of 3rd period - Sean Couturier wins face-off versus Brayden Schenn in neutral zone.
0:08 of 3rd period - Wrist shot by Milan Lucic.
0:08 of 3rd period - Stopped by John Gibson with a rebound.
0:13 of 3rd period - Minor Penalty to Cale Makar for Holding.
0:14 of 3rd period - Brayden Schenn wins face-off versus Milan Lucic in Rangers zone.
0:14 of 3rd period - Wrist shot by Vladimir Tarasenko.
0:14 of 3rd period - Stopped by Eric Comrie without a rebound.
0:15 of 3rd period - Brayden Schenn wins face-off versus Milan Lucic in Rangers zone.
0:16 of 3rd period - Snap shot by Brock McGinn.
0:16 of 3rd period - Shot Misses the Net.
0:18 of 3rd period - Wrist shot by Vladimir Tarasenko.
0:18 of 3rd period - Stopped by Eric Comrie with a rebound.
0:20 of 3rd period - Snap shot by Ryan Ellis.
0:20 of 3rd period - Shot Blocked by Steven Santini.
0:22 of 3rd period - Snap shot by Brayden Schenn.
0:22 of 3rd period - Shot Misses the Net.
0:56 of 3rd period - Mikhail Sergachev is hit by Kellan Lain and loses puck.
2:06 of 3rd period - Brayden Schenn is hit by Dmitry Kulikov and loses puck.
2:13 of 3rd period - Penalty to Cale Makar is over, Cale Makar is back on ice.
2:19 of 3rd period - Casey Mittelstadt is hit by Jason Akeson and loses puck.
3:25 of 3rd period - Minor Penalty to Milan Lucic for Slashing.
3:26 of 3rd period - Brayden Schenn wins face-off versus Oliver Bjorkstrand in Rangers zone.
3:29 of 3rd period - Slapshot by Ryan Ellis.
3:29 of 3rd period - Stopped by Eric Comrie with a rebound.
3:31 of 3rd period - Snap shot by Brock McGinn.
3:31 of 3rd period - Stopped by Eric Comrie without a rebound.
3:32 of 3rd period - Brayden Schenn wins face-off versus Oliver Bjorkstrand in Rangers zone.
3:39 of 3rd period - Snap shot by Vladimir Tarasenko.
3:39 of 3rd period - Shot Misses the Net.
3:45 of 3rd period - Slapshot by Vladimir Tarasenko.
3:45 of 3rd period - Stopped by Eric Comrie without a rebound.
3:46 of 3rd period - Brayden Schenn wins face-off versus Oliver Bjorkstrand in Rangers zone.
3:53 of 3rd period - Wrist shot by Brayden Schenn.
3:53 of 3rd period - Shot Blocked by Sean Couturier.
3:55 of 3rd period - Slapshot by Ryan Ellis.
3:55 of 3rd period - Shot Hit the Post.
3:57 of 3rd period - Slapshot by Ryan Ellis.
3:57 of 3rd period - Goal by Ryan Ellis - Rangers : 0 - Islanders : 3.
3:58 of 3rd period - Brayden Schenn wins face-off versus Milan Lucic in neutral zone.
4:03 of 3rd period - Snap shot by Vladimir Tarasenko.
4:03 of 3rd period - Stopped by Eric Comrie without a rebound.
4:04 of 3rd period - Sean Couturier wins face-off versus Brayden Schenn in Rangers zone.
4:23 of 3rd period - Minor Penalty to Sean Couturier for Tripping.
4:24 of 3rd period - Brayden Schenn wins face-off versus Milan Lucic in Rangers zone.
4:38 of 3rd period - Snap shot by Brayden Schenn.
4:38 of 3rd period - Shot Misses the Net.
4:40 of 3rd period - Slapshot by Kevin Shattenkirk.
4:40 of 3rd period - Stopped by Eric Comrie with a rebound.
6:23 of 3rd period - Penalty to Sean Couturier is over, Sean Couturier is back on ice.
6:33 of 3rd period - David Pope is hit by Sergei Plotnikov and loses puck.
6:54 of 3rd period - Snap shot by Devante Smith-Pelly.
6:54 of 3rd period - Goal by Devante Smith-Pelly - Rangers : 1 - Islanders : 3.
6:55 of 3rd period - Sean Couturier wins face-off versus Brayden Schenn in neutral zone.
7:29 of 3rd period - Off-side.
7:30 of 3rd period - Brandon Sutter wins face-off versus Henrik Samuelsson in neutral zone.
7:57 of 3rd period - Milan Lucic is hit by Vladimir Tarasenko and loses puck.
8:02 of 3rd period - Snap shot by Brock McGinn.
8:02 of 3rd period - Shot Misses the Net.
8:04 of 3rd period - Snap shot by Vladimir Tarasenko.
8:04 of 3rd period - Stopped by Eric Comrie without a rebound.
8:05 of 3rd period - Brayden Schenn wins face-off versus Tomas Hertl in Rangers zone.
8:37 of 3rd period - Slapshot by Cale Makar.
8:37 of 3rd period - Shot Misses the Net.
8:39 of 3rd period - Slapshot by Jake McCabe.
8:39 of 3rd period - Shot Blocked by Nikita Zadorov.
8:41 of 3rd period - Snap shot by Sean Couturier.
8:41 of 3rd period - Shot Blocked by Brandon Sutter.
8:43 of 3rd period - Backhand shot by Sean Couturier.
8:43 of 3rd period - Shot Misses the Net.
8:50 of 3rd period - Icing by Garnet Hathaway.
8:51 of 3rd period - Michael Latta wins face-off versus Henrik Samuelsson in Islanders zone.
8:59 of 3rd period - Off-side.
9:00 of 3rd period - Brayden Schenn wins face-off versus Sean Couturier in neutral zone.
9:30 of 3rd period - Slapshot by Jason Akeson.
9:30 of 3rd period - Stopped by Eric Comrie with a rebound.
10:37 of 3rd period - Off-side.
10:38 of 3rd period - Tomas Hertl wins face-off versus Brandon Sutter in neutral zone.
10:47 of 3rd period - Slapshot by Kellan Lain.
10:47 of 3rd period - Stopped by Eric Comrie with a rebound.
10:55 of 3rd period - Snap shot by Brandon Sutter.
10:55 of 3rd period - Stopped by Eric Comrie with a rebound.
11:13 of 3rd period - Vladimir Tarasenko is hit by Viktor Arvidsson.
11:19 of 3rd period - Slapshot by Viktor Arvidsson.
11:19 of 3rd period - Shot Blocked by Brayden Schenn.
11:56 of 3rd period - Slapshot by Jamie Arniel.
11:56 of 3rd period - Shot Misses the Net.
11:58 of 3rd period - Slapshot by Ryan Ellis.
11:58 of 3rd period - Shot Misses the Net.
12:21 of 3rd period - Kevin Shattenkirk is hit by Tomas Hertl and loses puck.
12:32 of 3rd period - Wrist shot by Tomas Hertl.
12:32 of 3rd period - Shot Blocked by Kevin Shattenkirk.
13:21 of 3rd period - Kellan Lain is hit by Ondrej Palat and loses puck.
13:51 of 3rd period - Wrist shot by Garnet Hathaway.
13:51 of 3rd period - Stopped by Eric Comrie with a rebound.
13:59 of 3rd period - Slapshot by Ondrej Palat.
13:59 of 3rd period - Shot Misses the Net.
14:07 of 3rd period - Jake McCabe is hit by Gabriel Carlsson and loses puck.
14:14 of 3rd period - Wrist shot by Garnet Hathaway.
14:14 of 3rd period - Stopped by Eric Comrie with a rebound.
14:16 of 3rd period - Slapshot by Nikita Zadorov.
14:16 of 3rd period - Shot Misses the Net.
14:45 of 3rd period - Wrist shot by Brandon Sutter.
14:45 of 3rd period - Shot Misses the Net.
14:47 of 3rd period - Snap shot by Brandon Sutter.
14:47 of 3rd period - Shot Misses the Net.
14:53 of 3rd period - Wrist shot by Garnet Hathaway.
14:53 of 3rd period - Stopped by Eric Comrie with a rebound.
15:25 of 3rd period - Jake McCabe is hit by Brandon Sutter and loses puck.
15:32 of 3rd period - Snap shot by Garnet Hathaway.
15:32 of 3rd period - Shot Misses the Net.
15:34 of 3rd period - Snap shot by Brandon Sutter.
15:34 of 3rd period - Stopped by Eric Comrie without a rebound.
15:35 of 3rd period - Henrik Samuelsson wins face-off versus Michael Latta in Rangers zone.
15:40 of 3rd period - Backhand shot by Mikhail Sergachev.
15:40 of 3rd period - Shot Hit the Post.
16:00 of 3rd period - Dylan McIlrath is hit by Milan Lucic and loses puck.
16:11 of 3rd period - Ryan Strome is hit by Brock McGinn and loses puck.
16:30 of 3rd period - Wrist shot by David Pope.
16:30 of 3rd period - Goal by David Pope - Rangers : 2 - Islanders : 3.
16:31 of 3rd period - Jason Akeson wins face-off versus Henrik Samuelsson in neutral zone.
17:15 of 3rd period - Icing by Brock McGinn.
17:16 of 3rd period - Casey Mittelstadt wins face-off versus Jamie Arniel in Islanders zone.
17:47 of 3rd period - Snap shot by Brayden Schenn.
17:47 of 3rd period - Shot Blocked by Oliver Bjorkstrand.
17:49 of 3rd period - Snap shot by Brayden Schenn.
17:49 of 3rd period - Shot Blocked by Mikhail Sergachev.
18:45 of 3rd period - Rangers, Eric Comrie is pulled from the net.
19:04 of 3rd period - Snap shot by Milan Lucic.
19:04 of 3rd period - Stopped by John Gibson with a rebound.
19:20 of 3rd period - Snap shot by Sean Couturier.
19:20 of 3rd period - Deflect By Milan Lucic.
19:20 of 3rd period - Stopped by John Gibson without a rebound.
19:21 of 3rd period - Claude Julien call a timeout for Rangers.
19:21 of 3rd period - Brayden Schenn wins face-off versus Sean Couturier in Islanders zone.
19:21 of 3rd period - Brayden Schenn is hit by Sean Couturier.
19:46 of 3rd period - Slapshot by Dylan McIlrath.
19:46 of 3rd period - Shot Misses the Net.
19:54 of 3rd period - Wrist shot by Sean Couturier.
19:54 of 3rd period - Stopped by John Gibson with a rebound.
19:56 of 3rd period - Snap shot by Jake McCabe.
19:56 of 3rd period - Stopped by John Gibson without a rebound.
19:57 of 3rd period - Brayden Schenn wins face-off versus Sean Couturier in Islanders zone.
19:57 of 3rd period - Brayden Schenn is hit by Jake McCabe.
Goals for this period are 2 for Rangers vs 1 for Islanders.
Shots for this period are 7 for Rangers vs 16 for Islanders.